 Dungeon Crawl Stone Soup version 0.27.1-1-g398f81649c (webtiles) character file.

Game seed: 2325755944359058985

6939 AarnesTheHuman the Basher (level 10, -5/100 HPs)
             Began as a Troll Fighter on Sept 8, 2021.
             Was a High Priest of Trog.
             Slain by a vampire mosquito (7 damage)
             ... on level 9 of the Dungeon.
             The game lasted 00:18:26 (7008 turns).

AarnesTheHuman the Basher (Troll Fighter)           Turns: 7008, Time: 00:18:27

Health: -5/100     AC: 11    Str: 29    XL:     10   Next: 80%
Magic:  9/9        EV: 11    Int:  4    God:    Trog [*****.]
Gold:   425        SH:  0    Dex:  9    Spells: 9/9 levels left

rFire    + . .     SeeInvis .   j - +5 giant club (vorpal)
rCold    . . .     Faith    .   (shield currently unavailable)
rNeg     . . .     Spirit   .   A - +0 acid dragon scales
rPois    .         Reflect  .   s - +2 hat
rElec    .         Harm     .   C - +0 cloak
rCorr    +         Rampage  .   (gloves unavailable)
Will     .....                  (boots unavailable)
Stlth    +.........             (no amulet)
HPRegen  1.26/turn              u - ring of protection from fire
MPRegen  0.11/turn              (no ring)

@: no status effects
A: large, unfitting armour, claws 3, regeneration 1, shaggy fur 1, tough skin 1
a: Renounce Religion, Berserk, Trog's Hand, Brothers in Arms


You were on level 9 of the Dungeon.
You worshipped Trog.
Trog was extremely pleased with you.
You visited 2 branches of the dungeon, and saw 11 of its levels.

You collected 533 gold pieces.
You spent 108 gold pieces at shops.

Inventory:

Hand Weapons
 e - a +0 giant spiked club
 j - a +5 vorpal giant club (weapon)
 q - a +8 flail of holy wrath
Missiles
 k - 4 large rocks (quivered)
 o - 49 poisoned darts
 y - 10 boomerangs
Armour
 a - a +1 robe
 b - a +0 kite shield
 s - a +2 hat (worn)
 t - a +1 robe of fire resistance
 A - +0 acid dragon scales (worn)
 C - a +0 cloak (worn)
Jewellery
 m - a ring of ice
 u - a ring of protection from fire (left claw)
Wands
 n - a wand of polymorph (10)
 v - a wand of paralysis (1)
 w - a wand of mindburst (10)
Scrolls
 h - 3 scrolls of teleportation
 B - a scroll of identify
 D - a scroll of fear {unknown}
Potions
 c - a potion of might
 d - 3 potions of berserk rage
 f - a potion of attraction
 g - a potion of invisibility
 i - 2 potions of heal wounds
 l - 2 potions of flight
 p - 2 potions of lignification
 r - 4 potions of resistance
 x - a potion of curing {unknown}
 z - a potion of haste {unknown}


   Skills:
 + Level 6.9 Fighting
 * Level 9.1 Maces & Flails
 + Level 5.9 Throwing
 + Level 6.9 Dodging
 - Level 3.3 Shields
 - Level 3.4 Unarmed Combat


You had 9 spell levels left.
You didn't know any spells.
Your spell library was empty.

Dungeon Overview and Level Annotations

Branches:
Dungeon (10/15)            Temple (1/1) D:6            Lair (0/6) D:9
    Orc (0/2) D:9

Altars:
Ashenzari
Cheibriados
Dithmenos
Kikubaaqudgha
Okawaru
Qazlal
Ru
Sif Muna
Trog
Uskayaw
Vehumet
Yredelemnul
Beogh

Shops:
D:2 (   D:3 (:*[!   D:7 *


Innate Abilities, Weirdness & Mutations

You are too large for most types of armour.
You have claws for hands.
Your natural rate of healing is unusually fast.
You are covered in fur. (AC +1)
You have tough skin. (AC +1)


Message History

The vampire mosquito draws strength from your injuries!
The vampire mosquito closely misses you.
The vampire mosquito bites you!
The vampire mosquito draws strength from your injuries!
The vampire mosquito barely misses you.
You barely miss the vampire mosquito.
The vampire mosquito closely misses you.
The vampire mosquito barely misses you. The vampire mosquito bites you!
The vampire mosquito draws strength from your injuries!
The vampire mosquito bites you but does no damage.
The vampire mosquito barely misses you.
The vampire mosquito closely misses you.
You closely miss the vampire mosquito. The vampire mosquito bites you!
* * * LOW HITPOINT WARNING * * *
The vampire mosquito draws strength from your injuries!
The vampire mosquito bites you.
* * * LOW HITPOINT WARNING * * *
The vampire mosquito draws strength from your injuries!
The vampire mosquito misses you. The vampire mosquito bites you!
* * * LOW HITPOINT WARNING * * *
The vampire mosquito draws strength from your injuries!
The vampire mosquito barely misses you.
The vampire mosquito closely misses you.
You closely miss the vampire mosquito.
The vampire mosquito barely misses you. x2
The vampire mosquito bites you.
* * * LOW HITPOINT WARNING * * *
The vampire mosquito draws strength from your injuries!
The vampire mosquito bites you but does no damage.
The vampire mosquito closely misses you. x2
The vampire mosquito misses you. The vampire mosquito barely misses you.
The vampire mosquito bites you!
* * * LOW HITPOINT WARNING * * *
The vampire mosquito draws strength from your injuries!
You closely miss the vampire mosquito.
The vampire mosquito bites you but does no damage.
The vampire mosquito bites you!
* * * LOW HITPOINT WARNING * * *
The vampire mosquito draws strength from your injuries!
The vampire mosquito bites you!
You die...

##.# #≈≈≈## ##.######≈≈###
#[##≈≈.#..≈≈.# ##.≈≈.#≈≈≈...#
#.≈≈...≈#....#########
#.#....≈.............###
#.............######...#
###....y..()....# #####
#.......@.(.....# #
##.##...yy.).....### #
####...####.##...##...# #
#≈≈≈≈≈≈≈≈###########..#######
####...### #..##...## #####
##......## #.......#
##....... ####### ###...#.


You could see 3 vampire mosquitoes.

Vanquished Creatures
  3 two-headed ogres
  Prince Ribbit (D:7)
  Sigmund (D:2)
  6 yaks
  2 wraiths
  A steam dragon (D:7)
  Edmund (D:4)
  2 acid dragons
  3 orc warriors
  A black bear (D:6)
  A necrophage (D:6)
  An ogre (D:4)
  3 centaurs
  A phantom (D:6)
  2 kobold brigands (D:9)
  4 bullfrogs
  A scorpion (D:7)
  2 gnoll sergeants
  A water moccasin zombie (D:6)
  A wyvern skeleton (D:3)
  2 vampire bats (D:6)
  4 wights (D:8)
  4 howler monkeys
  2 centaur zombies
  2 hounds
  4 jellies
  7 orc priests
  2 gnoll shamans
  A bullfrog skeleton (D:4)
  4 iguanas
  Ijyb (D:5)
  6 orc wizards
  A howler monkey zombie (D:7)
  Robin (D:2)
  14 gnolls
  6 adders
  A howler monkey skeleton (D:7)
  A shadow imp (D:8)
  3 white imps
  A worm (D:3)
  An adder skeleton (D:4)
  A dart slug (D:2)
  22 orcs
  3 ball pythons
  5 bats
  2 bat skeletons (D:6)
  5 bat zombies (D:6)
  10 endoplasms
  3 giant cockroaches
  14 goblins
  10 hobgoblins
  14 kobolds
  3 quokkas
  2 frilled lizards (D:1)
  8 rats
208 creatures vanquished.

Vanquished Creatures (others)
  An orc (D:8)
1 creature vanquished.

Grand Total: 209 creatures vanquished

Notes
Turn   | Place    | Note
-------+----------+-------------------------------------------
     0 | D:1      | AarnesTheHuman the Troll Fighter began the quest for the
                  | Orb.
     0 | D:1      | Reached XP level 1. HP: 22/22 MP: 0/0
   106 | D:1      | Found a faded altar of an unknown god.
   153 | D:1      | Reached XP level 2. HP: 27/29 MP: 1/1
   214 | D:1      | Became a worshipper of Trog the Wrathful
   214 | D:1      | Reached * piety under Trog
   762 | D:2      | Reached XP level 3. HP: 24/36 MP: 2/2
   771 | D:2      | HP: 1/36 [goblin (2)]
   822 | D:2      | Noticed Sigmund
   835 | D:2      | Killed Sigmund
   836 | D:2      | Reached XP level 4. HP: 8/45 MP: 3/3
   836 | D:2      | Reached XP level 5. HP: 9/53 MP: 4/4
   988 | D:2      | Reached ** piety under Trog
  1093 | D:2      | Noticed Robin
  1121 | D:2      | Killed Robin
  1220 | D:2      | Found Cidwiot's Antique Weapon Shop.
  1234 | D:2      | Bought a glowing giant club for 108 gold pieces
  1381 | D:3      | Found Doliar's Book Shoppe.
  1383 | D:3      | Found Fayhef's Weapon Shoppe.
  1439 | D:3      | Found Doytsesa's General Store.
  1449 | D:3      | Found Qosotem's Armour Shop.
  1457 | D:3      | Reached skill level 1 in Maces & Flails
  1457 | D:3      | Reached XP level 6. HP: 58/61 MP: 5/5
  1513 | D:3      | Found Asa Omut's Distillery.
  1626 | D:3      | Reached *** piety under Trog
  2115 | D:4      | You fall into a shaft and drop 3 floors!
  2132 | D:7      | Reached skill level 2 in Maces & Flails
  2229 | D:5      | Entered Level 5 of the Dungeon
  2350 | D:4      | You fall into a shaft and drop 2 floors!
  2350 | D:6      | Noticed a wraith
  2356 | D:6      | Killed a wraith
  2357 | D:6      | Reached skill level 3 in Maces & Flails
  2357 | D:6      | Reached XP level 7. HP: 65/70 MP: 6/6
  2382 | D:5      | Noticed Ijyb
  2387 | D:5      | Killed Ijyb
  2388 | D:5      | Reached skill level 1 in Throwing
  2658 | D:4      | Found a shadowy altar of Dithmenos.
  2682 | D:4      | Found a basalt altar of Yredelemnul.
  2773 | D:4      | Noticed Edmund
  2786 | D:4      | Killed Edmund
  2787 | D:4      | Reached skill level 4 in Maces & Flails
  2787 | D:4      | Reached XP level 8. HP: 34/79 MP: 7/7
  2864 | D:4      | Found a snail-covered altar of Cheibriados.
  3535 | D:5      | Found a shimmering blue altar of Sif Muna.
  3535 | D:5      | Found a stormy altar of Qazlal.
  3803 | D:6      | Found a staircase to the Ecumenical Temple.
  4007 | D:5      | Reached skill level 5 in Maces & Flails
  4087 | D:6      | Reached **** piety under Trog
  4208 | D:6      | Reached skill level 5 in Dodging
  4348 | D:6      | Reached skill level 5 in Fighting
  4486 | D:6      | Found an ancient bone altar of Kikubaaqudgha.
  4546 | Temple   | Entered the Ecumenical Temple
  4629 | D:7      | Found a hide-covered altar of Uskayaw.
  4704 | D:7      | Noticed Prince Ribbit
  4834 | D:7      | Reached XP level 9. HP: 88/88 MP: 8/8
  4855 | D:7      | Reached skill level 6 in Maces & Flails
  4892 | D:7      | Killed Prince Ribbit
  5058 | D:7      | Found Gatweu's General Store.
  5327 | D:8      | Reached ***** piety under Trog
  5482 | D:8      | Noticed a two-headed ogre
  5511 | D:7      | Reached skill level 7 in Maces & Flails
  5656 | D:8      | Killed a two-headed ogre
  5657 | D:8      | Reached XP level 10. HP: 69/98 MP: 9/9
  5701 | D:8      | Reached skill level 5 in Throwing
  5703 | D:8      | Reached skill level 8 in Maces & Flails
  5708 | D:8      | Paralysed by a wight for 2 turns
  5713 | D:8      | Paralysed by a wight for 2 turns
  5913 | D:8      | Noticed a two-headed ogre
  5917 | D:8      | Killed a two-headed ogre
  6165 | D:8      | Found a sacrificial altar of Ru.
  6307 | D:9      | Noticed a two-headed ogre
  6311 | D:9      | Killed a two-headed ogre
  6313 | D:9      | Found a staircase to the Lair.
  6375 | D:9      | Reached skill level 9 in Maces & Flails
  6654 | D:9      | Found a staircase to the Orcish Mines.
  6985 | D:10     | Entered Level 10 of the Dungeon
  6993 | D:10     | Noticed an orange demon
  7008 | D:9      | HP: 2/100 [vampire mosquito (7)]
  7008 | D:9      | Slain by a vampire mosquito

Illustrated notes

Levels and vault maps discovered:
D:1:      minmay_arrival_loop, layout_loops_cross,
          hellmonk_ecumenical_altar_slurped_away, minmay_misc_feat_room
D:2:      layout_rooms, serial_shops, shop, serial_curves, eino_curves_02,
          eino_curves_02, eino_curves_04, eino_curves_04,
          minmay_stone_trees_medium, minmay_tiny_reverse_x, uniq_sigmund,
          uniq_robin
D:3:      layout_basic, serial_shops, shop, nicolae_shop_crystal,
          shop_fountains, shop, nicolae_shop_crystal
D:4:      layout_layer_cave, cheibriados_altar_1,
          mainiacjoe_overflow_large_starburst, uniq_edmund
D:5:      layout_loops_corners, amethyst_overflow_temple_binary, uniq_ijyb
D:6:      layout_rooms, kennysheep_vampire_church, minmay_temple_entry_trees
D:7:      layout_cave_pools, nicolae_uskayaw_murder_on_the_dancefloor,
          minmay_shop_grid_forest, minmay_crystal_room, uniq_prince_ribbit1
D:8:      layout_basic, mainiacjoe_overflow_alcove_2
D:9:      layout_rooms, lair_entry_dummy, minmay_orc_entry_temple_small,
          serial_rivers, chequers_serial_rivers_small_a,
          chequers_serial_rivers_micro_a, chequers_serial_rivers_small_3,
          chequers_serial_rivers_small_b, chequers_serial_rivers_marsh
D:10:     layout_gridville, mainiacjoe_overflow_concentric_impassable,
          kennysheep_generic_room_8, uniq_harold
Temple:   cyrus_circular_temple

Skill      XL: |  1  2  3  4  5  6  7  8  9 10 |
---------------+-------------------------------+-----
Fighting       | 3 4 5 6 |  6.9
Dodging        | 3 4 5 6 |  6.9
Shields        | 3 |  3.3
Unarmed Combat | 3 |  3.4
Maces & Flails | 1 3 4 5 7 9 |  9.1
Throwing       | 1 3 4 5 |  5.9

Action                   |  1- 3 |  4- 6 |  7- 9 | 10-12 || total
-------------------------+-------+-------+-------+-------++-------
Melee: Unarmed           |    79 |    62 |       |       ||   141
       Giant club        |       |    85 |   239 |   110 ||   434
Throw: Large rock        |       |     2 |     9 |     8 ||    19
  Use: Scroll            |       |     7 |    10 |     1 ||    18
 Stab: Sleeping          |     1 |       |       |       ||     1
Armor: Robe              |    25 |    54 |   173 |       ||   252
       Acid dragon scale |       |       |    19 |    76 ||    95
Dodge: Dodged            |    34 |    72 |   277 |   122 ||   505
Block: Kite shield       |    40 |    34 |       |       ||    74
